 Dungeon Crawl Stone Soup version 0.28-a0-21-gf74fda84f9 (webtiles) character file.

Game seed: 14453952000743061871

163 zazu2006 the Magician (level 5, -3/44 HPs)
             Began as a Naga Hedge Wizard on July 26, 2021.
             Was a Follower of Vehumet.
             Slain by an iguana (13 damage)
             ... on level 4 of the Dungeon.
             The game lasted 00:07:38 (3779 turns).

zazu2006 the Magician (Naga Hedge Wizard)           Turns: 3779, Time: 00:07:39

Health: -3/44      AC:  5    Str: 12    XL:     5   Next: 44%
Magic:  0/11       EV:  9    Int: 16    God:    Vehumet [*.....]
Gold:   150        SH:  0    Dex: 10    Spells: 3/12 levels left

rFire   . . .      SeeInvis +   q - +2 dagger (vamp)
rCold   . . .      Faith    .   (no shield)
rNeg    . . .      Spirit   .   g - +0 leather armour
rPois   +          Reflect  .   c - +0 hat
rElec   .          Harm     .   (no cloak)
rCorr   .          Rampage  .   l - +1 pair of gloves
Will    .....                   (no barding)
Stlth   ++........              (no amulet)
HPRegen 0.14/turn               p - ring of flight
MPRegen 0.12/turn               (no ring)

@: flying, very slightly contaminated, very slow
A: AC +1, large, see invisible, deformed body, poison resistance, slowness 2,
spit poison 1, naga tail 1
a: Spit Poison, Renounce Religion


You were on level 4 of the Dungeon.
You worshipped Vehumet.
Vehumet was aware of your devotion.
You visited 2 branches of the dungeon, and saw 6 of its levels.

You collected 150 gold pieces.

Inventory:

Hand Weapons
 a - a +0 dagger
 q - a +2 vampiric dagger (weapon)
Armour
 c - a +0 hat (worn)
 g - a +0 leather armour (worn)
 l - a +1 pair of gloves (worn)
Jewellery
 b - an amulet of faith
 n - an amulet of guardian spirit
 p - a ring of flight (left hand)
Scrolls
 d - 2 scrolls of teleportation
 f - a scroll of immolation {unknown}
 k - 2 scrolls of identify
Potions
 e - a potion of cancellation {unknown}
 h - a potion of magic {unknown}
 i - a potion of mutation {unknown}
 j - 2 potions of attraction {unknown}
 m - 2 potions of haste {unknown}
 o - a potion of brilliance {unknown}


   Skills:
 + Level 1.1 Fighting
 + Level 1.0 Armour
 + Level 1.9 Dodging
 + Level 3.5 Stealth
 + Level 4.2 Spellcasting
 + Level 2.4 Conjurations
 + Level 1.0 Summonings
 + Level 1.0 Translocations
 * Level 1.3 Poison Magic


You had 3 spell levels left.
You knew the following spells:

 Your Spells              Type           Power      Damage    Failure   Level
a - Magic Dart            Conj           44%        1d5       8%          1
b - Mephitic Cloud        Conj/Pois/Air  7%         N/A       36%         3
c - Conjure Flame         Conj/Fire      7%         6-21      36%         3
d - Blink                 Tloc           N/A        N/A       22%         2

Your spell library contained the following spells:

 Spells                   Type           Power      Damage    Failure   Level
 Freeze                   Ice            12%        1d4       22%         1
 Sandblast                Erth           6%         2d5       22%         1
 Call Imp                 Summ           6%         N/A       22%         2
 Poisonous Vapours        Pois/Air       10%        N/A       24%         2
 Passwall                 Tmut/Erth      2%         N/A       32%         2
 Slow                     Hex            3%         N/A       32%         2
 Call Canine Familiar     Summ           6%         N/A       38%         3
 Portal Projectile        Hex/Tloc       10%        N/A       45%         3
 Ignite Poison            Fire/Tmut/Pois 4%         N/A       47%         3
 Frozen Ramparts          Ice            6%         1d2       54%         3
 Swiftness                Air            3%         N/A       54%         3
 Sticky Flame             Conj/Fire      7%         2d3       77%         4
 Summon Ice Beast         Ice/Summ       5%         N/A       86%         4
 Airstrike                Air            1%         N/A       91%         4
 Leda's Liquefaction      Hex/Erth       1%         N/A       91%         4
 Lee's Rapid Deconstruct  Erth           1%         3d5*      99%         5
 Invisibility             Hex            1%         N/A       100%        6


Dungeon Overview and Level Annotations

Branches:
Dungeon (5/15)             Temple (1/1) D:4

Altars:
Vehumet


Innate Abilities, Weirdness & Mutations

Your serpentine skin is tough. (AC +1)
You have supernaturally acute eyesight. (SInv)
Armour fits poorly on your strangely shaped body.
Your system is resistant to poisons. (rPois)
You cover ground very slowly.
You can spit poison.
You have a snake-like lower body.


Message History

The iguana closely misses you.
The howler monkey is engulfed in noxious fumes.
The howler monkey appears confused.
The howler monkey hits you!
Casting: Mephitic Cloud (quite dangerous; 36% risk of failure)
Confirm with . or Enter, or press ? or * to list all spells.
The spell is quite dangerous to cast (36% risk of failure)!
Continue anyway?
Aiming: Mephitic Cloud (quite dangerous; 36% risk of failure)
Press: ? - help, Shift-Dir - straight line, f - iguana, p - howler monkey
Aim: an iguana (chance to affect: 86%)
You miscast Mephitic Cloud.
You are very lightly contaminated with residual magic.
Nothing appears to happen.
The iguana bites you but does no damage.
The howler monkey is engulfed in noxious fumes.
The howler monkey appears confused.
Unknown command.
Casting: Mephitic Cloud (quite dangerous; 36% risk of failure)
Confirm with . or Enter, or press ? or * to list all spells.
The spell is quite dangerous to cast (36% risk of failure)!
Continue anyway?
Aiming: Mephitic Cloud (quite dangerous; 36% risk of failure)
Press: ? - help, Shift-Dir - straight line, f/p - iguana
Aim: an iguana (chance to affect: 86%)
You miscast Mephitic Cloud.
Nothing appears to happen.
The iguana barely misses you.
Unknown command.
Unknown command.
Casting: Mephitic Cloud (quite dangerous; 36% risk of failure)
Confirm with . or Enter, or press ? or * to list all spells.
You don't have enough magic to cast this spell.
The iguana bites you!
* * * LOW HITPOINT WARNING * * *
The iguana barely misses you.
Casting: Mephitic Cloud (quite dangerous; 36% risk of failure)
Confirm with . or Enter, or press ? or * to list all spells.
The spell is quite dangerous to cast (36% risk of failure)!
Continue anyway?
Aiming: Mephitic Cloud (quite dangerous; 36% risk of failure)
Press: ? - help, Shift-Dir - straight line, f/p - iguana
Aim: an iguana (chance to affect: 86%)
You miscast Mephitic Cloud.
Nothing appears to happen.
The iguana bites you!
You die...

######### ##########
#...>...########## #........#
#.@l.h..#........# #........#
#.......#........# #........#
#.......#........#
#.....########.......'........#
#.....####...#.......#........#
#....................#........#
#...###.#.#.###......#####...###
#...#.#.#.#.#.#.....## ######..
#...#.#.###.#.#.....# #....#..


You could see a howler monkey (confused) and an iguana.

Vanquished Creatures
  An orc priest (D:3)
  An orc wizard (D:3)
  A hound skeleton (D:4)
  An adder (D:3)
  A worm (D:2)
  A dart slug (D:1)
  10 orcs
  8 endoplasms
  6 giant cockroaches
  3 goblins
  7 hobgoblins
  2 jackals (D:4)
  5 kobolds
  2 quokkas
  5 ball pythons
  3 bats (D:1)
  10 frilled lizards
  A rat (D:1)
68 creatures vanquished.

Vanquished Creatures (others)
  7 plants (D:3)
7 creatures vanquished.

Grand Total: 75 creatures vanquished

Notes
Turn   | Place    | Note
-------+----------+-------------------------------------------
     0 | D:1      | zazu2006 the Naga Hedge Wizard began the quest for the Orb.
     0 | D:1      | Reached XP level 1. HP: 15/15 MP: 4/4
   261 | D:1      | Reached XP level 2. HP: 15/22 MP: 1/6
  1053 | D:1      | Reached XP level 3. HP: 28/28 MP: 5/8
  1057 | D:1      | Learned a level 3 spell: Mephitic Cloud
  1061 | D:1      | Learned a level 3 spell: Conjure Flame
  1064 | D:1      | Learned a level 2 spell: Blink
  1452 | D:2      | You fall into a shaft and drop 2 floors!
  1452 | D:4      | Found a staircase to the Ecumenical Temple.
  1460 | Temple   | Entered the Ecumenical Temple
  1466 | Temple   | Became a worshipper of Vehumet
  1800 | D:3      | Reached skill level 4 in Spellcasting
  1800 | D:3      | Reached XP level 4. HP: 25/36 MP: 5/10
  2514 | D:2      | Got the Incunabulum of Weightlessness and the Snowflakes
  2734 | D:2      | Found a faded altar of an unknown god.
  2855 | D:2      | Reached skill level 1 in Poison Magic
  2965 | D:3      | Reached XP level 5. HP: 43/43 MP: 4/11
  3141 | D:4      | Reached * piety under Vehumet
  3141 | D:4      | Offered knowledge of Freeze by Vehumet.
  3194 | D:4      | Reached skill level 1 in Fighting
  3311 | D:4      | Noticed a phantom
  3349 | D:4      | Reached skill level 1 in Armour
  3691 | D:5      | Entered Level 5 of the Dungeon
  3779 | D:4      | Slain by an iguana

Illustrated notes

Levels and vault maps discovered:
D:1:      sevenhm_arrival_forest_fort_large_4, layout_loops_ring,
          minmay_pentomino_p2
D:2:      layout_basic, ebering_ecumenical_altar_mist
D:3:      layout_rooms, minmay_lizard_king
D:4:      layout_gridville, gammafunk_temple_overflow_pools, temple_fountains,
          minmay_misc_feat_nine_boxes, grunt_decor_resistance,
          dk_noncrumbling_3, minmay_distorted, uniq_crazy_yiuf_cottage
D:5:      layout_rooms, nicolae_wu_jian_wuxing_cycle
Temple:   dshaligram_water_room_temple

Skill      XL: |  1  2  3  4  5 |
---------------+----------------+-----
Spellcasting   | 4 |  4.2
Conjurations   | 2 |  2.4
Poison Magic   | 1 |  1.3
Fighting       | 1 |  1.1
Armour         | 1 |  1.0
Dodging        | |  1.9
Stealth        | |  3.5
Summonings     | |  1.0
Translocations | |  1.0

Action                   |  1- 3 |  4- 6 || total
-------------------------+-------+-------++-------
Melee: Dagger            |    19 |    52 ||    71
 Cast: Magic Dart        |    70 |    92 ||   162
       Mephitic Cloud    |       |     4 ||     4
 Abil: Spit Poison       |    14 |    10 ||    24
  Use: Scroll            |       |     2 ||     2
 Stab: Distracted        |       |     1 ||     1
Armor: Robe              |     4 |       ||     4
       Leather armour    |     5 |    34 ||    39
Dodge: Dodged            |    21 |    37 ||    58

Table legend: (Time is in decaauts)
 A = Elapsed time spent in this place.
 B = Non-inter-level travel time spent in this place.
 C = Inter-level travel time spent in this place.
 D = Time resting spent in this place.
 E = Time spent auto-exploring this place.
 F = Levels seen in this place.
 G = Mean time per level.
                   A        B        C        D        E       F      G
               +--------+--------+--------+--------+--------+-----+--------+
         Total |   4395 |   4255 |    140 |    419 |   3218 |   6 |  732.5 |
       Dungeon |   4379 |   4247 |    132 |    419 |   3218 |   5 |  875.8 |
        Temple |     16 |      8 |      8 |      0 |      0 |   1 |   16.0 |
               +--------+--------+--------+--------+--------+-----+--------+

Top non-repeatable levels by time:
     D:1: 1642 daAuts
     D:3: 1227 daAuts
     D:2: 754 daAuts
     D:4: 737 daAuts
     D:5: 16 daAuts
  Temple: 16 daAuts
